 Dungeon Sprint DCSS version 0.30-a0-462-gd5975efbca (webtiles) character file.

Game seed: 6703223194462787744

303 Darkkill the Sneak (level 6, -3/55 HPs)
             Began as a Human Monk on Dec 16, 2022.
             Was a High Priest of Trog.
             Killed by divine providence
             ... invoked by an orc priest
              (15 damage)
             ... in the Dungeon (Sprint VII: "The Pits").
             The game lasted 00:02:04 (721 turns).

Darkkill the Sneak (Human Monk)                      Turns: 721, Time: 00:02:05

Health: -3/55      AC: 11    Str: 13    XL:     6   Next: 65%
Magic:  6/6        EV:  7    Int: 11    God:    Trog [*****.]
Gold:   0          SH:  0    Dex: 15    Spells: 5/5 levels left

rFire   . . .      SeeInvis .    a - +2 quarterstaff
rCold   . . .      Faith    .    (shield currently unavailable)
rNeg    . . .      Spirit   .    m - +3 chain mail
rPois   .          Reflect  .    (no helmet)
rElec   .          Harm     .    (no cloak)
rCorr   .          Rampage  .    (no gloves)
Will    .....      NoTele   +    (no boots)
Stlth   +.........               (no amulet)
HPRegen 0.29/turn                (no ring)
MPRegen 0.10/turn                (no ring)

@: on berserk cooldown
A: no striking features
a: Renounce Religion, Berserk, Trog's Hand, Brothers in Arms


You were in the Dungeon.
You worshipped Trog.
Trog was extremely pleased with you.
You visited 1 branch

Inventory:

Hand Weapons
 a - a +2 quarterstaff (weapon)
Missiles
 j - 10 stones (quivered)
Armour
 m - a +3 chain mail (worn)
Scrolls
 i - a scroll of blinking
 k - a scroll of butterflies
Potions
 c - a potion of ambrosia
 d - 2 potions of invisibility
 e - 4 potions of heal wounds
 f - a potion of haste
 g - 4 potions of magic
 h - 2 potions of berserk rage
 l - 5 potions of curing {@q1}


   Skills:
 + Level 7.1 Fighting
 + Level 7.1 Long Blades
 + Level 7.1 Dodging
 + Level 7.3 Stealth


You had 5 spell levels left.
You didn't know any spells.
Your spell library was empty.

Dungeon Overview and Level Annotations

Branches:
Dungeon (1/1)

Altars:
Cheibriados
Dithmenos
Elyvilon
Fedhas
Gozag
Hepliaklqana
Makhleb
Nemelex Xobeh
Okawaru
Qazlal
Ru
Sif Muna
Trog
Vehumet
Wu Jian
Xom
Yredelemnul
Zin
The Shining One
Jiyva
Lugonu


Message History

A worm comes into view.
The jackal bites you but does no damage.
Things that are here:
a jackal corpse; a jackal corpse The jackal bites you but does no damage.
The jackal bites you but does no damage.
You hit the jackal.
You kill the jackal!
Trog accepts your kill.
Trog will now gift you melee weapons as you gain piety.
An orc priest comes into view. It is wielding a +0 trident.
An orc priest comes into view. It is wielding a +0 morningstar.
The orc hits you with a +0 war axe!
The orc priest moves out of view.
You completely miss the orc. The orc hits you but does no damage.
The orc barely misses you.
You sock the orc!
You kill the orc!
Trog accepts your kill.
An orc wizard comes into view. It is wielding a +0 dagger.
The ice beast hits you but does no damage.
The orc wizard shouts!
You sock the ice beast!
The ice beast is heavily wounded.
The ice beast hits you but does no damage.
The orc priest shouts!
You hit the ice beast.
The ice beast is heavily wounded.
The ice beast hits you but does no damage.
A gnoll comes into view. It is wielding a +0 club.
The ice beast hits you but does no damage.
You hit the ice beast.
The ice beast is almost dead.
The ice beast hits you but does no damage.
The orc wizard gestures wildly while chanting.
The orc wizard flickers and vanishes!
Deactivating autopickup; reactivate with Ctrl-A.
The ice beast hits you but does no damage.
You hit the ice beast.
The ice beast is almost dead.
The orc priest mumbles some strange prayers to Beogh against you.
Beogh smites you!
The ice beast hits you but does no damage. x2
You barely miss the ice beast.
The ice beast is almost dead.
The ice beast hits you but does no damage.
The ice beast barely misses you.
You feel much better. The ice beast barely misses you. x2
The orc priest looks encouraged for a moment.
The orc priest invokes the aid of Beogh against you.
Beogh smites you!
You sock the ice beast!
You kill the ice beast!
Trog accepts your kill. The rat bites you but does no damage.
Your Fighting skill increases to level 7!
Your Long Blades skill increases to level 7!
Your Dodging skill increases to level 7!
Your Stealth skill increases to level 7!
You barely miss the rat. The rat barely misses you. The rat bites you.
You barely miss the rat. The rat bites you but does no damage.
The orc priest looks satisfied for a moment.
The rat barely misses you.
A gnoll bouda comes into view. It is wielding a +0 whip.
The gnoll bouda shouts!
You hit the rat.
The rat is moderately wounded.
The rat bites you but does no damage.
The gnoll bouda barks out a call to the hunt!
The gnoll picks up the pace!
The rat bites you but does no damage.
You barely miss the rat.
The rat is moderately wounded.
The rat bites you but does no damage.
The orc priest invokes the aid of Beogh against you.
Beogh smites you! The rat bites you but does no damage.
You closely miss the rat.
The rat is moderately wounded.
The rat bites you but does no damage. The rat barely misses you.
You sock the rat!
You kill the rat!
Trog accepts your kill.
You thump the orc priest!
The orc priest is heavily wounded.
The orc priest barely misses you. The orc priest closely misses you.
You hit the orc priest.
The orc priest is heavily wounded.
The orc priest mumbles some strange prayers to Beogh against you.
You barely resist. The orc priest closely misses you.
The orc priest invokes the aid of Beogh against you.
Beogh smites you!
You barely miss the orc priest.
The orc priest is heavily wounded.
You feel yourself speed up.
The orc priest calls down the wrath of Beogh upon you.
Pain shoots through your body!
* * * LOW HITPOINT WARNING * * *
The orc priest looks encouraged for a moment.
The orc priest calls down the wrath of Beogh upon you.
Beogh smites you!
You die...

#.?..')))'.##.....
##########.##.....
#...........'.....
#'#####'#####.....
#.#.....#[[##.....
#.#.....#))#####'#
#.###'###))##.....
#.#.....#))##.....
#@#...รท.#..##.....
#o####'##'###...<.
#w#........##.....
#{#....)...##.....
#o###########.....


#gg ###### #... #...# #..## You could see a gnoll bouda, a worm, 2 orc priests
and a gnoll (swift).

Vanquished Creatures
  A floating eye (D)
  An ice beast (D)
  A kobold brigand (D)
  2 adders (D)
  2 gnolls (D)
  An orc (D)
  6 jackals (D)
  A ball python (D)
  A ball python skeleton (D)
  A ball python zombie (D)
  A frilled lizard (D)
  A rat (D)
19 creatures vanquished.

Notes
Turn   | Place    | Note
-------+----------+-------------------------------------------
     0 | D        | Darkkill the Human Monk began the quest for the Orb.
     0 | D        | Reached XP level 1. HP: 18/18 MP: 1/1
    28 | D        | Reached XP level 2. HP: 11/24 MP: 2/2
    31 | D        | Found a bloodstained altar of Trog.
    31 | D        | Found a shimmering blue altar of Sif Muna.
    31 | D        | Found a viscous altar of Jiyva.
    31 | D        | Found a hazy altar of Hepliaklqana.
    31 | D        | Found an opulent altar of Gozag.
    32 | D        | Found a glowing golden altar of the Shining One.
    32 | D        | Found a glowing silver altar of Zin.
    32 | D        | Found a basalt altar of Yredelemnul.
    32 | D        | Found a shimmering altar of Xom.
    32 | D        | Found an ornate altar of the Wu Jian Council.
    32 | D        | Found a sacrificial altar of Ru.
    32 | D        | Found a stormy altar of Qazlal.
    32 | D        | Found an iron altar of Okawaru.
    32 | D        | Found a sparkling altar of Nemelex Xobeh.
    32 | D        | Found a burning altar of Makhleb.
    32 | D        | Found a blossoming altar of Fedhas.
    32 | D        | Found a white marble altar of Elyvilon.
    32 | D        | Found a shadowy altar of Dithmenos.
    32 | D        | Found a snail-covered altar of Cheibriados.
    34 | D        | Found a radiant altar of Vehumet.
    34 | D        | Found a corrupted altar of Lugonu.
    36 | D        | Became a worshipper of Trog the Wrathful
    36 | D        | Reached * piety under Trog
    36 | D        | Reached ** piety under Trog
   110 | D        | Noticed a floating eye
   119 | D        | Paralysed by a floating eye for 4 turns
   124 | D        | Killed a floating eye
   124 | D        | Reached *** piety under Trog
   125 | D        | Reached skill level 5 in Fighting
   125 | D        | Reached skill level 5 in Long Blades
   125 | D        | Reached skill level 5 in Dodging
   125 | D        | Reached skill level 5 in Stealth
   125 | D        | Reached XP level 3. HP: 33/33 MP: 3/3
   125 | D        | Reached XP level 4. HP: 39/39 MP: 4/4
   125 | D        | Reached XP level 5. HP: 45/45 MP: 5/5
   373 | D        | Noticed a kobold brigand
   381 | D        | Killed a kobold brigand
   382 | D        | Reached XP level 6. HP: 53/53 MP: 6/6
   383 | D        | Reached **** piety under Trog
   695 | D        | Noticed an ice beast
   703 | D        | Reached ***** piety under Trog
   712 | D        | Killed an ice beast
   721 | D        | Killed from afar by an orc priest

Illustrated notes

Levels and vault maps discovered:
D:        pitsprint [storerooms_1, entrance_room_1, metal_vault_8, armoury_1,
          mini_pit_1, grid_room_1, main_hall_1, silver_pit, the_coven_2,
          the_vestibule_1, steel_vault_4, golden_pit, hallway_of_sentries,
          crystal_vault_1, iron_vault_5, final_vault]

Skill      XL: |  1  2  3  4  5  6 |
---------------+-------------------+-----
Stealth        | 5 6 7 |  7.3
Fighting       | 5 6 7 |  7.1
Long Blades    | 5 6 7 |  7.1
Dodging        | 5 6 7 |  7.1

Action                   |  1- 3 |  4- 6 || total
-------------------------+-------+-------++-------
Melee: Falchion          |    13 |       ||    13
       Quarterstaff      |    13 |    44 ||    57
Invok: Berserk           |       |     2 ||     2
  Use: Potion            |     3 |     1 ||     4
Armor: Robe              |     5 |     1 ||     6
       Chain mail        |       |    30 ||    30
Dodge: Dodged            |    30 |    31 ||    61

Table legend: (Time is in decaauts)
 A = Elapsed time spent in this place.
 B = Non-inter-level travel time spent in this place.
 C = Inter-level travel time spent in this place.
 D = Time resting spent in this place.
 E = Time spent auto-exploring this place.
 F = Levels seen in this place.
 G = Mean time per level.
                   A        B        C        D        E       F      G
               +--------+--------+--------+--------+--------+-----+--------+
         Total |    763 |    743 |     20 |    497 |      0 |   1 |  763.0 |
       Dungeon |    763 |    743 |     20 |    497 |      0 |   1 |  763.0 |
               +--------+--------+--------+--------+--------+-----+--------+

Top non-repeatable levels by time:
       D: 763 daAuts

Table legend:
 A = Kills in this place as a percentage of kills in entire the game.
 B = Kills by you in this place as a percentage of kills by you in the entire game.
 C = Kills by friends in this place as a percentage of kills by friends in the entire game.
 D = Other kills in this place as a percentage of other kills in the entire game.
 E = Experience gained in this place as a percentage of experience gained in the entire game.
 F = Experience gained in this place divided by the number of levels of this place that you have seen.
                   A       B       C       D       E      F
               +-------+-------+-------+-------+-------+----------------------
         Total | 100.0 | 100.0 |   N/A |   N/A | 100.0 | 433.0
       Dungeon | 100.0 | 100.0 |   N/A |   N/A | 100.0 | 433.0
               +-------+-------+-------+-------+-------+----------------------
